[Event "NK Rapid Vrouwen 2019"]
[Site "Amstelveen, Netherlands"]
[Date "2019.12.01"]
[Round "6.2"]
[White "Haast, Anne"]
[Black "Jong-Muhren, Bianca de"]
[Result "1-0"]
[TimeControl "15m+10s"]
[WhiteTitle "WGM"]
[BlackTitle "WGM"]
[WhiteFideId "1017292"]
[BlackFideId "1008498"]
[WhiteElo "2288"]
[BlackElo "2249"]

1. e4 c5 2. Nf3 e6 3. d4 cxd4 4. Nxd4 Nc6 5. Nc3 Qc7 6. Be3 a6 7. Qf3 Nf6 8. O-O-O Bb4 9. Nxc6 Bxc3 10.
bxc3 Qxc6 11. Bd4 Qxe4 12. Qg3 Qg6 13. Qd6 Ne4 14. Qa3 Qg5+ 15. Kb2 d6 16. Be3 Qe7 17. Qa4+ Bd7 18. Qxe4 O-O 19.
Qb4 Bc6 20. Qxd6 Qh4 21. Bb6 Rac8 22. Qb4 Qh5 23. f3 Bd5 24. Rd4 h6 25. Bc4 Bxc4 26. Rxc4 a5 27. Qa4 Qd5 28. Rd4 Qg5 29.
Rg4 Qd5 30. Qxa5 Qd6 31. Qb4 Qd5 32. a4 Rc6 33. Qd4 Qxd4 34. Bxd4 f6 35. a5 e5 36. Bb6 Rfc8 37. Rd1 Rxc3 38.
Rd8+ Rxd8 39. Bxd8 Rc6 40. Rb4 Rc8 41. Be7 Rc7 42. Bd6 Rd7 43. Rb6 Kf7 44. c4 Ke6 45. Bb4+ Kf5 46. Rd6 Rc7 47.
Kb3 h5 48. Bd2 g5 49. Kb4 g4 50. Rd3 e4 51. Rd5+ 1-0

[Event "NK Rapid Vrouwen 2019"]
[Site "Amstelveen, Netherlands"]
[Date "2019.12.01"]
[Round "6.3"]
[White "Ratsma, Rosa"]
[Black "Lanchava, Tea"]
[Result "1-0"]
[TimeControl "15m+10s"]
[WhiteTitle "WIM"]
[BlackTitle "IM"]
[WhiteFideId "1033662"]
[BlackFideId "1005308"]
[WhiteElo "2274"]
[BlackElo "2247"]

1. e4 c6 2. Nc3 g6 3. d4 Bg7 4. Bc4 b5 5. Bb3 d6 6. f4 b4 7. Nce2 Ba6 8. Nf3 Nf6 9. e5 Nd5 10.
O-O O-O 11. a3 e6 12. Bxd5 cxd5 13. axb4 Qb6 14. c3 Bb5 15. Be3 Nd7 16. exd6 Qxd6 17. Nd2 Nb6 18. Rf3 f6 19. Nc1 Nd7 20.
Ncb3 a6 21. Nc5 Nb6 22. Qe1 e5 23. f5 exd4 24. Bxd4 Bh6 25. Ndb3 Nc4 26. Qf2 Ne5 27. Rh3 Bg5 28. Ne6 Rf7 29.
Bc5 Qd7 30. Nbd4 Bd3 31. fxg6 Bxg6 32. Re1 Nd3 33. Rxd3 Bxd3 34. Qg3 Bg6 35. h4 h6 36. hxg5 hxg5 37. Qd6 Qxd6 38. Bxd6 Rd7 39. Bc5 Re8 40.
Rf1 Rf7 41. g4 Be4 42. Kf2 Kh7 43. Kg3 Kg6 44. Bb6 Rh8 45. Nc5 Rfh7 46. Nxe4 dxe4 47. Nf5 Rh3+ 48. Kf2 Rh2+ 49. Ke3 R8h3+ 50. Kxe4 Rxb2 51. Bd4 Rg2 52.
Ne3 Re2 53. Rxf6+ Kh7 54. Rxa6 Rg3 55.
Ra7+ Kg6 56. Kd3 Re1 57. Rg7+ Kh6 58. Re7 Kg6 59. Kd2 Ra1 60. Rg7+ 1-0

[Event "NK Rapid Vrouwen 2019"]
[Site "Amstelveen, Netherlands"]
[Date "2019.12.01"]
[Round "6.4"]
[White "Keetman, Maaike"]
[Black "Paulet, Iozefina"]
[Result "1/2-1/2"]
[TimeControl "15m+10s"]
[BlackTitle "WGM"]
[WhiteFideId "1033697"]
[BlackFideId "1213261"]
[WhiteElo "2181"]
[BlackElo "2294"]

1. e4 e6 2. d4 d5 3. Nd2 Nf6 4. e5 Nfd7 5. f4 c5 6. c3 Nc6 7. Ndf3 Be7 8. g3 O-O 9. Bh3 cxd4 10. cxd4 Qb6 11. Kf1 f6 12. Kg2 Kh8 13. Ne2 fxe5 14.
fxe5 Ncxe5 15. dxe5 Nxe5 16. Ned4 Ng6 17. Qb3 e5 18. Bxc8 Raxc8 19. Qxb6 axb6 20. Nb3 Rc2+ 21. Bd2 Rxb2 22.
Rhb1 Rc2 23. Rc1 Rb2 24. Rcb1 Rc2 25. Rc1 Rb2 26. Rcb1 1/2-1/2

[Event "NK Rapid Vrouwen 2019"]
[Site "Amstelveen, Netherlands"]
[Date "2019.12.01"]
[Round "7.1"]
[White "Paulet, Iozefina"]
[Black "Ratsma, Rosa"]
[Result "1-0"]
[TimeControl "15m+10s"]
[WhiteTitle "WGM"]
[BlackTitle "WIM"]
[WhiteFideId "1213261"]
[BlackFideId "1033662"]
[WhiteElo "2294"]
[BlackElo "2274"]

1. e4 c5 2. Nf3 d6 3. d4 cxd4 4. Nxd4 Nf6 5. Nc3 a6 6. Bc4 e6 7. Bb3 b5 8. Qf3 Qc7 9. O-O Be7 10.
a3 O-O 11. Qg3 Kh8 12. Bg5 Nh5 13. Qh4 Bxg5 14. Qxg5 Nf6 15. Kh1 Nc6 16. Nxc6 Qxc6 17. Rae1 Bb7 18. f4 h6 19. Qh4 a5 20.
g4 b4 21. g5 Ng8 22. axb4 axb4 23. Nd1 d5 24. Ne3 dxe4 25. Rg1 f5 26. gxh6 Nxh6 27. Rg6 Kh7 28. Reg1 Qc7 29. Rxe6 Rae8 30.
Reg6 Re7 31. Qg5 Rd7 32. Rxh6+ 1-0

[Event "NK Rapid Vrouwen 2019"]
[Site "Amstelveen, Netherlands"]
[Date "2019.12.01"]
[Round "7.2"]
[White "Jong-Muhren, Bianca de"]
[Black "Peng, Zhaoqin"]
[Result "1/2-1/2"]
[TimeControl "15m+10s"]
[WhiteTitle "WGM"]
[BlackTitle "GM"]
[WhiteFideId "1008498"]
[BlackFideId "1004786"]
[WhiteElo "2249"]
[BlackElo "2364"]

1. e4 c6 2. d4 d5 3.
exd5 cxd5 4. c4 Nf6 5.
Nc3 Nc6 6. Nf3 Be6 7. c5 g6 8. Bb5 Bg7 9. O-O O-O 10.
h3 Ne4 11. Re1 Bf5 12. Bf4 f6 13. Rc1 Kh8 14. Ba4 g5 15. Bh2 Rc8 16. Bb3 Nxc3 17. bxc3 b6 18. cxb6 axb6 19. Qe2 Re8 20.
Qb5 e6 21. g4 Be4 22. Nd2 Bg6 23. Nf3 Be4 24. Nd2 Bg6 25. Nf3 1/2-1/2

[Event "NK Rapid Vrouwen 2019"]
[Site "Amstelveen, Netherlands"]
[Date "2019.12.01"]
[Round "7.3"]
[White "Roebers, Eline"]
[Black "Keetman, Maaike"]
[Result "1-0"]
[TimeControl "15m+10s"]
[WhiteFideId "1058401"]
[BlackFideId "1033697"]
[WhiteElo "2102"]
[BlackElo "2181"]

1. e4 e6 2. d4 d5 3. Nc3 Bb4 4. Nge2 dxe4 5. a3 Be7 6. Nxe4 Nf6 7. Nxf6+ Bxf6 8.
Be3 O-O 9. Qd2 b6 10. O-O-O Bb7 11. Nf4 Nc6 12. Be2 Nxd4 13. Bxd4 Qxd4 14. Qxd4 Bxd4 15. Rxd4 e5 16. Rc4 exf4 17. Rxc7 Bxg2 18. Rd1 Bh3 19. Bf3 Rac8 20. Rxa7 Rc5 21. Rb7 b5 22. Rd5 Rc4 23.
Rdxb5 Bf1 24. Re5 Rd4 25. Re4 Rd6 26. Rxf4 f6 27. Re4 Rc8 28. Ree7 Bd3 29. Rxg7+ Kh8 30. Rgc7 Rxc7 31. Rxc7 Bg6 32.
Rc6 1-0

[Event "NK Rapid Vrouwen 2019"]
[Site "Amstelveen, Netherlands"]
[Date "2019.12.01"]
[Round "7.4"]
[White "Lanchava, Tea"]
[Black "Haast, Anne"]
[Result "0-1"]
[TimeControl "15m+10s"]
[WhiteTitle "IM"]
[BlackTitle "WGM"]
[WhiteFideId "1005308"]
[BlackFideId "1017292"]
[WhiteElo "2247"]
[BlackElo "2288"]

1. g3 f5 2. Bg2 Nf6 3. d4 g6 4. Nh3 Bg7 5. c3 O-O 6. Qb3+ d5 7. Nf4 c6 8. O-O Ne4 9. Nd2 Kh8 10.
Nf3 a5 11. a4 Qe8 12. Nd3 Nd7 13. Nfe5 Ndf6 14. f3 Nd6 15. Qc2 b6 16. b3 Be6 17. c4 dxc4 18. bxc4 Rc8 19. c5 bxc5 20.
dxc5 Nf7 21. Rb1 Nxe5 22. Nxe5 Nd5 23. Nc4 Nb4 24. Qb3 Qf7 25. Bb2 Bxc4 26. Bxg7+ Kxg7 27. Qc3+ Kg8 28. Rfe1 Rcd8 29.
e4 Rd3 30. Qe5 Qf6 31. Qc7 Rd2 32. e5 Qe6 33. Qxa5 Rxg2+ 34. Kxg2 Nd3 35. Re3 f4 36. gxf4 Nxf4+ 37. Kh1 Qh3 38.
Qd2 Bd5 39. Qf2 Nh5 40. Qg2 Bxf3 41. Rxf3 Qxf3 42. Qxf3 Rxf3 43. Ra1 Kf7 44. a5 Ke6 45. a6 Rf8 46. Rb1 Ra8 47. Rb6 Kd5 48.
Rb7 Rxa6 49. Rxe7 Nf4 50. h4 h5 51. Kh2 Ne6 0-1